 Dungeon Crawl Stone Soup version 0.28-a0-664-gc179e30c89 (webtiles) character file.

Game seed: 7376344120164608380

1288 ytrimaz the Nimble (level 8, -5/52 HPs)
             Began as an Octopode Fighter on Oct 16, 2021.
             Was a Follower of Dithmenos.
             Slain by a yak (6 damage)
             ... on level 5 of the Dungeon.
             The game lasted 00:07:31 (5729 turns).

ytrimaz the Nimble (Octopode Fighter)               Turns: 5729, Time: 00:07:32

Health: -5/52      AC:  1    Str: 15    XL:     8   Next: 55%
Magic:  8/8        EV: 16    Int: 10    God:    Dithmenos [*.....]
Gold:   236        SH:  6    Dex: 14    Spells: 7/7 levels left

rFire   + . .      SeeInvis +   a - +0 rapier
rCold   . . .      Faith    .   b - +1 buckler
rNeg    . . .      Spirit   .   (helmet restricted)
rPois   .          Reflect  .   (no amulet)
rElec   .          Harm     .   q - ring of see invisible
rCorr   .          Rampage  .   m - ring of protection from fire
Will    .....                   (no ring)
Stlth   +++.......              (no ring)
HPRegen 0.17/turn               (no ring)
MPRegen 0.11/turn               (no ring)
                                (no ring)
                                (no ring)

@: hasted, wreathed by umbra, very quick
A: almost no armour, amphibious, 8 rings, camouflage 1, gelatinous body 1,
(nimble swimmer 1), tentacles
a: Renounce Religion


You were on level 5 of the Dungeon.
You worshipped Dithmenos.
Dithmenos was aware of your devotion.
You visited 1 branch of the dungeon, and saw 6 of its levels.

You collected 416 gold pieces.
You spent 180 gold pieces at shops.

Inventory:

Hand Weapons
 a - a +0 rapier (weapon)
 d - a +4 dagger
Armour
 b - a +1 buckler (worn)
Jewellery
 k - a ring of magical power
 m - a ring of protection from fire (right tentacle)
 q - a ring of see invisible (left tentacle)
Wands
 c - a wand of flame (16)
 s - a wand of polymorph (9)
Scrolls
 h - a scroll of fog
 j - a scroll of amnesia
 r - a scroll of teleportation
Potions
 e - a potion of haste
 f - a potion of ambrosia
 g - a potion of resistance {unknown}
 i - a potion of mutation {unknown}
 l - a potion of flight
 n - a potion of cancellation {unknown}
 o - 2 potions of heal wounds
 p - a potion of invisibility


   Skills:
 + Level 3.0 Fighting
 - Level 2.0 Short Blades
 - Level 1.0(1.4) Axes
 - Level 1.0(1.4) Maces & Flails
 - Level 0.9(1.3) Polearms
 - Level 0.9(1.4) Staves
 - Level 0.9(1.1) Slings
 - Level 1.1 Bows
 - Level 1.0 Crossbows
 - Level 1.0(1.2) Throwing
 - Level 8.0 Dodging
 - Level 4.0 Shields
 - Level 1.0 Conjurations
 - Level 0.9 Hexes
 - Level 1.1 Summonings
 - Level 1.0 Necromancy
 - Level 1.2 Translocations
 - Level 1.2 Transmutations
 - Level 0.9 Fire Magic
 - Level 0.9 Ice Magic
 - Level 1.1 Air Magic
 - Level 1.1 Earth Magic
 - Level 1.1 Poison Magic
 * Level 1.3 Invocations


You had 7 spell levels left.
You didn't know any spells.
Your spell library contained the following spells:

 Spells                   Type           Power      Damage    Failure   Level
 Animate Skeleton         Necr           4%         N/A       26%         1
 Pain                     Necr           8%         1d4       26%         1
 Dazzling Flash           Conj/Hex       4%         N/A       58%         3
 Vampiric Draining        Necr           1%         2d6       58%         3
 Ozocubu's Armour         Ice            1%         N/A       61%         3
 Iskenderun's Mystic Bla  Conj/Tloc      2%         2d3       94%         4
 Metabolic Englaciation   Hex/Ice        0%         N/A       100%        5
 Simulacrum               Ice/Necr       1%         N/A       100%        6
 Starburst                Conj/Fire      1%         6d3       100%        6


Dungeon Overview and Level Annotations

Branches:
Dungeon (6/15)
 Temple: D:4-7

Altars:
Dithmenos
Ru

Shops:
D:4 !


Innate Abilities, Weirdness & Mutations

You cannot wear most types of armour.
You are amphibious.
You can wear up to eight rings at the same time.
Your skin changes colour to match your surroundings (Stealth+).
Your rubbery body absorbs attacks. (AC +1, EV +1)
((You are camouflaged near water. (Stealth+)))
You have tentacles for arms and can constrict up to eight enemies at once.


Message History

You hit the yak but do no damage. You squeeze the yak.
The yak is almost dead.
You block the yak's attack.
You hit the yak but do no damage.
The yak is almost dead.
You puncture the yak!
You kill the yak!
Dithmenos accepts your kill.
Your Axes skill increases to level 1!
Your Maces & Flails skill increases to level 1!
Your Crossbows skill increases to level 1!
Your Throwing skill increases to level 1!
Your Conjurations skill increases to level 1!
Your Necromancy skill increases to level 1!
Unknown command.
You hit the yak but do no damage. The yak barely misses you.
You hit the yak.
The yak is lightly wounded.
The yak barely misses you.
You puncture the yak! You squeeze the yak!
The yak is heavily wounded.
You hit the yak. Your squeeze misses the yak.
The yak is heavily wounded.
The yak closely misses you.
You hit the yak but do no damage. You squeeze the yak.
The yak is heavily wounded.
The yak gores you.
You hit the yak. You squeeze the yak.
The yak is severely wounded.
The yak closely misses you.
You hit the yak.
The yak is severely wounded.
You hit the yak. You squeeze the yak.
The yak is severely wounded.
The yak gores you!
* * * LOW HITPOINT WARNING * * *
You hit the yak.
The yak is almost dead.
The yak gores you.
You die...

### ..# ### #.##### ##.#######
......###.#.##...#
........####.###@# #.###.###
##.##Y# #.###.#######.##.#
..............<..#
#.##..#...#####..#
#.##..#..........#########
#.##.>#...####........[..########
#.##..##### #....###..[........#
#.##..#### #....# #.##)##.###.#


You could see a yak.

Vanquished Creatures
  A yak (D:5)
  A water moccasin (D:5)
  A black bear (D:5)
  A necrophage (D:4)
  A centaur (D:5)
  A phantom (D:5)
  A scorpion (D:5)
  A water moccasin zombie (D:4)
  3 orc priests (D:5)
  4 hounds
  2 iguanas (D:5)
  Terence (D:2)
  4 orc wizards
  2 killer bee zombies (D:5)
  A hound skeleton (D:4)
  A howler monkey skeleton (D:5)
  A howler monkey zombie (D:5)
  4 adders
  A white imp (D:5)
  A worm (D:4)
  15 orcs
  8 ball pythons
  4 endoplasms
  8 giant cockroaches
  8 goblins
  4 hobgoblins
  2 kobolds (D:1)
  6 quokkas
  9 bats
  5 frilled lizards
  6 rats
108 creatures vanquished.

Notes
Turn   | Place    | Note
-------+----------+-------------------------------------------
     0 | D:1      | ytrimaz the Octopode Fighter began the quest for the Orb.
     0 | D:1      | Reached XP level 1. HP: 16/16 MP: 1/1
   115 | D:1      | Reached XP level 2. HP: 21/21 MP: 2/2
   620 | D:1      | Reached XP level 3. HP: 26/26 MP: 3/3
   754 | D:1      | Found a faded altar of an unknown god.
   896 | D:2      | Found a shadowy altar of Dithmenos.
   927 | D:2      | Became a worshipper of Dithmenos the Shadowed
  1061 | D:2      | Noticed Terence
  1080 | D:2      | Killed Terence
  1081 | D:2      | Reached skill level 4 in Dodging
  1081 | D:2      | Reached XP level 4. HP: 21/31 MP: 4/4
  1863 | D:3      | Reached skill level 5 in Dodging
  1863 | D:3      | Reached XP level 5. HP: 23/36 MP: 5/5
  2739 | D:4      | Identified the +2 robe of Servitude {Regen+ Str-5 Dex+3}
  2771 | D:4      | Reached XP level 6. HP: 36/42 MP: 6/6
  2890 | D:4      | Reached * piety under Dithmenos
  2891 | D:4      | Reached skill level 6 in Dodging
  3168 | D:4      | Noticed a necrophage
  3176 | D:4      | Killed a necrophage
  3262 | D:4      | Found Oqiokh's Distillery.
  3269 | D:4      | Bought 2 potions of heal wounds for 100 gold pieces
  3269 | D:4      | Bought a potion of invisibility for 80 gold pieces
  3497 | D:5      | Entered Level 5 of the Dungeon
  3511 | D:5      | Reached skill level 7 in Dodging
  3528 | D:5      | Reached XP level 7. HP: 26/46 MP: 7/7
  4019 | D:5      | Reached skill level 8 in Dodging
  4623 | D:5      | Found a sacrificial altar of Ru.
  4670 | D:5      | Reached XP level 8. HP: 38/52 MP: 8/8
  4696 | D:5      | Reached skill level 1 in Transmutations
  5002 | D:5      | Reached skill level 1 in Invocations
  5017 | D:5      | Reached skill level 1 in Translocations
  5193 | D:5      | Reached skill level 1 in Bows
  5193 | D:5      | Reached skill level 1 in Summonings
  5193 | D:5      | Reached skill level 1 in Air Magic
  5235 | D:5      | Reached skill level 1 in Poison Magic
  5465 | D:5      | Reached skill level 1 in Earth Magic
  5664 | D:6      | Noticed a yak
  5665 | D:6      | Noticed a yak
  5667 | D:6      | Noticed a yak
  5720 | D:5      | Killed a yak
  5721 | D:5      | Reached skill level 1 in Axes
  5721 | D:5      | Reached skill level 1 in Maces & Flails
  5721 | D:5      | Reached skill level 1 in Crossbows
  5721 | D:5      | Reached skill level 1 in Throwing
  5721 | D:5      | Reached skill level 1 in Conjurations
  5721 | D:5      | Reached skill level 1 in Necromancy
  5728 | D:5      | HP: 1/52 [yak (17)]
  5729 | D:5      | Slain by a yak

Illustrated notes

Levels and vault maps discovered:
D:1:      dpeg_arrival_radiant, layout_basic,
          hellmonk_ecumenical_altar_leap_of_faith, minmay_misc_feat_five
D:2:      layout_basic, basic_altar, grunt_ministairs_7, uniq_terence
D:3:      layout_basic
D:4:      layout_loops_ring, serial_shops, nicolae_diamond_shop, minivault_11
D:5:      minmay_spotlight, layout_loops_ring, general_overflow_altar,
          roderic_cross_of_infinity, st_stairs_9, amethyst_killhole,
          lemuel_flame_loot_1
D:6:      layout_cave_pods, slow_altar_2, old_standard_altar,
          grunt_temple_overflow_open, minmay_temple_entry_glass, serial_shops,
          kennysheep_mini

Skill      XL: |  1  2  3  4  5  6  7  8 |
---------------+-------------------------+-----
Dodging        | 4 5 7 8 |  8.0
Shields        | 4 |  4.0
Transmutations | 1 |  1.2
Invocations    | 1 |  1.3
Translocations | 1 |  1.2
Bows           | 1 |  1.1
Summonings     | 1 |  1.1
Air Magic      | 1 |  1.1
Poison Magic   | 1 |  1.1
Earth Magic    | 1 |  1.1
Axes           | 1 |  1.0
Maces & Flails | 1 |  1.0
Crossbows      | 1 |  1.0
Throwing       | 1 |  1.0
Conjurations   | 1 |  1.0
Necromancy     | 1 |  1.0
Fighting       | |  3.0
Short Blades   | |  2.0
Polearms       | |  0.9
Staves         | |  0.9
Slings         | |  0.9
Hexes          | |  0.9
Fire Magic     | |  0.9
Ice Magic      | |  0.9

Action                   |  1- 3 |  4- 6 |  7- 9 || total
-------------------------+-------+-------+-------++-------
Melee: Rapier            |    63 |   110 |   123 ||   296
       Constrict         |    15 |    26 |    21 ||    62
       Tentacles         |     9 |    23 |    32 ||    64
  Use: Potion            |     1 |     8 |     1 ||    10
       Scroll            |       |     7 |       ||     7
 Stab: Sleeping          |     4 |     8 |     3 ||    15
Armor: Skin              |     8 |     5 |     1 ||    14
Dodge: Dodged            |    50 |    71 |    65 ||   186
Block: Buckler           |    19 |    28 |    38 ||    85

Table legend: (Time is in decaauts)
 A = Elapsed time spent in this place.
 B = Non-inter-level travel time spent in this place.
 C = Inter-level travel time spent in this place.
 D = Time resting spent in this place.
 E = Time spent auto-exploring this place.
 F = Levels seen in this place.
 G = Mean time per level.
                   A        B        C        D        E       F      G
               +--------+--------+--------+--------+--------+-----+--------+
         Total |   5733 |   5639 |     94 |   1167 |   3403 |   6 |  955.5 |
       Dungeon |   5733 |   5639 |     94 |   1167 |   3403 |   6 |  955.5 |
               +--------+--------+--------+--------+--------+-----+--------+

Top non-repeatable levels by time:
     D:5: 2222 daAuts
     D:2: 955 daAuts
     D:3: 919 daAuts
     D:1: 854 daAuts
     D:4: 764 daAuts
     D:6: 17 daAuts
